 Dungeon Crawl Stone Soup version 0.29-a0-341-g24ffce5b50 (webtiles) character file.

Game seed: 901824375797563993

61 croobank the Sneak (level 4, -11/27 HPs)
             Began as an Octopode Fire Elementalist on Apr 20, 2022.
             Mangled by a gnoll
             ... wielding a +0 halberd
              (15 damage)
             ... on level 2 of the Dungeon.
             The game lasted 00:05:08 (2435 turns).

croobank the Sneak (Octopode Fire Elementalist)     Turns: 2435, Time: 00:05:09

Health: -11/27     AC:  1    Str:  7    XL:     4   Next: 7%
Magic:  4/7        EV: 13    Int: 19    God:
Gold:   90         SH:  0    Dex: 12    Spells: 4/7 levels left

rFire   . . .      SeeInvis +   f - +0 short sword
rCold   . . .      Faith    .   (no shield)
rNeg    + . .      Spirit   .   (helmet restricted)
rPois   .          Reflect  .   (no amulet)
rElec   .          Harm     .   k - ring of see invisible
rCorr   .          Rampage  .   h - ring of positive energy
Will    .....                   (no ring)
Stlth   +++.......              (no ring)
HPRegen 0.09/turn               (no ring)
MPRegen 0.10/turn               (no ring)
                                (no ring)
                                (no ring)

@: no status effects
A: almost no armour, amphibious, 8 rings, camouflage 1, gelatinous body 1,
(nimble swimmer 1), tentacles
a: no special abilities


You were on level 2 of the Dungeon.
You visited 1 branch of the dungeon, and saw 2 of its levels.

You collected 90 gold pieces.

Inventory:

Hand Weapons
 f - a +0 short sword (weapon)
Missiles
 c - 38 stones
Jewellery
 h - a ring of positive energy (right tentacle)
 k - a ring of see invisible (left tentacle)
Scrolls
 b - a scroll of noise {unknown}
 i - a scroll of enchant weapon {unknown}
 j - a scroll of teleportation {unknown}
Potions
 a - a potion of magic
 d - a potion of mutation {unknown}
 e - a potion of flight {unknown}
 g - 3 potions of curing {unknown}


   Skills:
 + Level 2.5 Dodging
 + Level 3.6 Stealth
 + Level 2.4 Spellcasting
 + Level 1.8 Conjurations
 + Level 3.4 Fire Magic


You had 4 spell levels left.
You knew the following spells:

 Your Spells              Type           Power      Damage    Failure   Level
a - Foxfire               Conj/Fire      48%        2x1d6     5%          1
b - Scorch                Fire           30%        2d6       6%          2

Your spell library contained the following spells:

 Spells                   Type           Power      Damage    Failure   Level
 Freeze                   Ice            8%         1d3       16%         1
 Conjure Flame            Conj/Fire      12%        6-21      17%         3
 Inner Flame              Hex/Fire       8%         N/A       24%         3
 Frozen Ramparts          Ice            4%         1d2       43%         3
 Flame Wave               Conj/Fire      12%        2d6       50%         4
 Hailstorm                Conj/Ice       5%         3d4       73%         4


Dungeon Overview and Level Annotations

Branches:
Dungeon (2/15)

Altars:


Innate Abilities, Weirdness & Mutations

You cannot wear most types of armour.
You are amphibious.
You can wear up to eight rings at the same time.
Your skin changes colour to match your surroundings (Stealth+).
Your rubbery body absorbs attacks. (AC +1, EV +1)
((You are camouflaged when in or above water. (Stealth+)))
You have tentacles for arms and can constrict up to eight enemies at once.


Message History

Casting: Scorch (safe; 6% risk of failure)
Confirm with . or Enter, or press ? or * to list all spells.
Flames lash the hobgoblin.
The hobgoblin is almost dead.
The hobgoblin's fire resistance burns away.
The hobgoblin barely misses you.
You barely miss the hobgoblin. You grab the hobgoblin.
You squeeze the hobgoblin.
You kill the hobgoblin!
k - a ring of see invisible
k - a ring of see invisible (left tentacle)
h - a ring of positive energy (right tentacle)
Found a pair of boots.
There is an open door here.
There is an open door here.
A gnoll comes into view.
It is wielding a +0 halberd. 2 gnolls come into view.
A gnoll is wielding a +0 vorpal spear.
The gnoll shouts!
The gnoll moves out of view.
Casting: Scorch (safe; 6% risk of failure)
Confirm with . or Enter, or press ? or * to list all spells.
Flames lash the gnoll.
The gnoll is heavily wounded.
The gnoll's fire resistance burns away.
The gnoll hits you from afar with a +0 halberd!
Casting: Scorch (safe; 6% risk of failure)
Confirm with . or Enter, or press ? or * to list all spells.
Flames lash the gnoll.
The gnoll is burned terribly!
You kill the gnoll!
You have reached level 4!
There is an open door here.
The gnoll hits you with a +0 halberd.
The gnoll hits you from afar with a +0 vorpal spear.
* * * LOW HITPOINT WARNING * * *
x2
Casting: Scorch (safe; 6% risk of failure)
Confirm with . or Enter, or press ? or * to list all spells.
You don't know that spell.
The gnoll hits you from afar with a +0 halberd!
Ouch! That really hurt!
You die...

###.#### .. ......^#
###.# .......#
######### .....
.......# #.......#
..... .......#
#.......# .....
.......# #####.......#
.....
###'######...........#
..... ###.#
#..............# .....
....# #.........@....#
.....
#######..............#
.....
......'.......####g###
..... .######.......#
#g# ##.# .# #......[#
#.# ####.# .#
#.......# #.# ..... .#
#.......# #.# .... .#
######### #.# ... .#
#.# #)#


You could see 2 gnolls.

Vanquished Creatures
  An adder (D:2)
  A gnoll (D:2)
  A ball python (D:2)
  7 endoplasms
  A giant cockroach (D:1)
  7 hobgoblins
  2 jackals (D:1)
  3 kobolds (D:1)
  2 quokkas
  2 bats (D:2)
  5 goblins
  3 rats
35 creatures vanquished.

Vanquished Creatures (others)
  55 foxfires
55 creatures vanquished.

Grand Total: 90 creatures vanquished

Notes
Turn   | Place    | Note
-------+----------+-------------------------------------------
     0 | D:1      | croobank the Octopode Fire Elementalist began the quest for
                  | the Orb.
     0 | D:1      | Reached XP level 1. HP: 11/11 MP: 3/3
   467 | D:1      | Reached XP level 2. HP: 17/17 MP: 5/5
  1038 | D:1      | Learned a level 2 spell: Scorch
  1055 | D:1      | Reached XP level 3. HP: 14/21 MP: 3/6
  2413 | D:2      | Reached XP level 4. HP: 15/27 MP: 2/7
  2435 | D:2      | Mangled by a gnoll

Illustrated notes

Levels and vault maps discovered:
D:1:      nagdon_arrival_double_spiral, layout_basic, serial_rivers,
          chequers_serial_rivers_small_a, chequers_serial_rivers_micro_c,
          chequers_serial_rivers_small_b, chequers_serial_rivers_large_a,
          minmay_misc_feat_rows
D:2:      layout_basic, basic_altar, chequers_serial_rivers_room_b

Skill      XL: |  1  2 |
---------------+-------+-----
Stealth        | 3 |  3.6
Dodging        | |  2.5
Spellcasting   | |  2.4
Conjurations   | |  1.8
Fire Magic     | |  3.4

Action                   |  1- 3 |  4- 6 || total
-------------------------+-------+-------++-------
Melee: Unarmed           |    34 |       ||    34
       Constrict         |     7 |       ||     7
       Tentacles         |    10 |       ||    10
       Punch             |     1 |       ||     1
       Short sword       |     1 |       ||     1
 Cast: Foxfire           |    34 |       ||    34
       Scorch            |    11 |       ||    11
 Stab: Sleeping          |     4 |       ||     4
Armor: Skin              |     3 |       ||     3
Dodge: Dodged            |    29 |       ||    29

Table legend: (Time is in decaauts)
 A = Elapsed time spent in this place.
 B = Non-inter-level travel time spent in this place.
 C = Inter-level travel time spent in this place.
 D = Time resting spent in this place.
 E = Time spent auto-exploring this place.
 F = Levels seen in this place.
 G = Mean time per level.
                   A        B        C        D        E       F      G
               +--------+--------+--------+--------+--------+-----+--------+
         Total |   2433 |   2392 |     41 |    258 |   1804 |   2 | 1216.5 |
       Dungeon |   2433 |   2392 |     41 |    258 |   1804 |   2 | 1216.5 |
               +--------+--------+--------+--------+--------+-----+--------+

Top non-repeatable levels by time:
     D:1: 1646 daAuts
     D:2: 787 daAuts
